 Dungeon Crawl Stone Soup version 0.27.1-2-g3b301248ec (webtiles) character file.

Game seed: 2998589487786352360

21 nxtlvl the Charlatan (level 3, -2/26 HPs)
             Began as a Formicid Artificer on Sept 26, 2021.
             Frozen to death by an endoplasm (3 damage)
             ... on level 1 of the Dungeon.
             The game lasted 00:03:06 (206 turns).

nxtlvl the Charlatan (Formicid Artificer)            Turns: 206, Time: 00:03:06

Health: -2/26      AC:  3    Str: 16    XL:     3   Next: 5%
Magic:  3/3        EV: 11    Int: 10    God:
Gold:   7          SH:  0    Dex: 12    Spells: 2/2 levels left

rFire    . . .     SeeInvis +   a - +0 club
rCold    . . .     Faith    .   (no shield)
rNeg     . . .     Spirit   .   b - +0 leather armour
rPois    .         Reflect  .   (helmet unavailable)
rElec    .         Harm     .   (no cloak)
rCorr    .         Rampage  .   (no gloves)
Will     .....                  (no boots)
Stlth    +.........             (no amulet)
HPRegen  0.08/turn              (no ring)
MPRegen  0.08/turn              (no ring)

@: no status effects
A: permanent stasis, dig shafts and tunnels, antennae 3, four strong arms
a: Dig, Shaft Self


You were on level 1 of the Dungeon.
You visited 1 branch of the dungeon, and saw 2 of its levels.

You collected 7 gold pieces.

Inventory:

Hand Weapons
 a - a +0 club (weapon)
 i - a +0 hunting sling
Missiles
 j - 13 bolts
Armour
 b - a +0 leather armour (worn)
Wands
 c - a wand of flame (15) (quivered)
 d - a wand of charming (13)
Scrolls
 f - 2 scrolls of blinking {unknown}
 g - a scroll of enchant weapon {unknown}
Potions
 h - a potion of might {unknown}
 k - a potion of heal wounds {unknown}
Miscellaneous
 e - a piece from Xom's chessboard (12/15)


   Skills:
 - Level 1.2 Fighting
 + Level 0.9 Maces & Flails
 - Level 2.4 Armour
 - Level 1.0 Dodging
 - Level 1.2 Stealth
 - Level 3.9 Evocations


You had 2 spell levels left.
You didn't know any spells.
Your spell library was empty.

Dungeon Overview and Level Annotations

Branches:
Dungeon (2/15)

Altars:

Annotations:
D:2 Terence


Innate Abilities, Weirdness & Mutations

You cannot be hasted, slowed, berserked, paralysed or teleported.
You can dig through walls and to a lower floor.
You have a pair of large antennae on your head. (SInv)
Your four strong arms can wield two-handed weapons with a shield.


Message History

You hit the rat.
You kill the rat!
Found a scroll labelled DUAHEN CEDDAID.
You see here a rat corpse.
g - a scroll labelled IVUABL LOKLODEUK
f - 2 scrolls labelled DUAHEN CEDDAID (gained 1)
Found a brown potion.
Found a hunting sling.
Found a faded altar of an unknown god.
Found 13 bolts and 3 gold pieces.
h - a brown potion You see here a +0 hunting sling.
i - a +0 hunting sling
There is a faded altar of an unknown god here.
Found a leather armour.
You now have 7 gold pieces (gained 3).
Found a glowing golden potion.
You see here 13 bolts.
j - 13 bolts
k - a glowing golden potion An endoplasm comes into view.
The endoplasm quivers.
You make a move on Xom's chessboard...
The endoplasm is outlined in light.
A rat comes into view.
A goblin comes into view. It is wielding a +0 dagger.
You hit the endoplasm.
The endoplasm is severely wounded.
The endoplasm hits you but does no damage.
The endoplasm freezes you.
You are frozen.
* * * LOW HITPOINT WARNING * * *
You hit the endoplasm but do no damage.
The endoplasm is severely wounded.
The endoplasm freezes you.
You are frozen.
* * * LOW HITPOINT WARNING * * *
You hit the endoplasm.
The endoplasm is almost dead.
The endoplasm freezes you.
You are frozen.
You die...

.......[.............
.#...........#..........
.#...........#..........
.#...........#..........
.#......................
.#......................
.#...#.#................
.#...#.#................
.#.. #.#........@J.g.r..
.# ######........... .#
#......##### ..(.#
#......+ ....# #......#
....# #......+ ....#
#......# ....# #......#
....#


You could see an endoplasm (corona), a goblin and a rat.

Vanquished Creatures
  2 dart slugs (D:1)
  2 frilled lizards (D:2)
  2 rats
6 creatures vanquished.

Vanquished Creatures (collateral kills)
  Natasha (D:2)
1 creature vanquished.

Vanquished Creatures (others)
  A quokka (D:2)
1 creature vanquished.

Grand Total: 8 creatures vanquished

Notes
Turn   | Place    | Note
-------+----------+-------------------------------------------
     0 | D:1      | nxtlvl the Formicid Artificer began the quest for the Orb.
     0 | D:1      | Reached XP level 1. HP: 15/15 MP: 1/1
    11 | D:1      | You fall into a shaft and drop 1 floor!
    66 | D:2      | Noticed Terence
    70 | D:2      | Noticed Natasha
    73 | D:2      | Noticed a crimson imp
    80 | D:2      | Noticed a crimson imp
    98 | D:2      | Killed Natasha
    99 | D:2      | Reached skill level 1 in Dodging
    99 | D:2      | Reached XP level 2. HP: 4/21 MP: 2/2
   148 | D:1      | Reached XP level 3. HP: 2/26 MP: 3/3
   167 | D:1      | Found a faded altar of an unknown god.
   205 | D:1      | HP: 1/26 [frozen (1)]
   206 | D:1      | Frozen to death by an endoplasm

Illustrated notes

Levels and vault maps discovered:
D:1:      dpeg_arrival_simpleton_c, layout_basic, basic_ecumenical_altar
D:2:      layout_basic, uniq_robin, uniq_terence, uniq_natasha

Skill      XL: |  1 |
---------------+----+-----
Dodging        | 1 |  1.0
Fighting       | |  1.2
Maces & Flails | |  0.9
Armour         | |  2.4
Stealth        | |  1.2
Evocations     | |  3.9

Action                   || total
-------------------------++-------
Melee: Club              ||    38
 Abil: Dig               ||     1
       Shaft Self        ||     1
Evoke: Piece from Xom's  ||     4
       Wand              ||     2
 Stab: Sleeping          ||     1
Armor: Leather armour    ||    10
Dodge: Dodged            ||    19
